Map: 2000 Atmospheres LE

Players

Scarlett

  • Race: Zerg Zerg

ByuN - Winner!

  • Race: Terran Terran

Event: IEM Katowice 2022

VOD

Have the link to the VOD?

Description

Time

  • Played on: Feb. 25, 2022, 11:05 a.m.
  • Length: 12:34

All games in this series

Show
View Real Time Build Order
Export as new Build Order

Scarlett Zerg 

Build Orders: Hatch First, Lurkers 

Get SALT Encoding   

  12  0:00  Drone  
  13  0:12  Overlord  
  13  0:17  Drone  
  14  0:30  Drone x2  
  16  0:46  Hatchery  
  15  0:51  Drone  
  15  0:54  Drone  
  17  0:57  Drone  
  18  1:08  Extractor  
  17  1:13  Spawning Pool  
  17  1:15  Drone  
  17  1:19  Drone  
  18  1:27  Drone  
  19  1:38  Drone  
  20  1:49  Drone  
  21  2:01  Queen x2  
  21  2:02  Overlord  
  21  2:03  Drone  
  26  2:10  Drone  
  26  2:11  Drone, Metabolic Boost  
  28  2:21  Drone x2  
  30  2:30  Hatchery  
  30  2:35  Drone x2  
  31  2:41  Queen  
  33  2:45  Overlord  
  33  2:49  Drone  
  34  2:52  Drone  
  34  2:55  Drone  
  36  3:03  Overlord  
  36  3:05  Zergling x2  
  37  3:08  Zergling x6  
  37  3:09  Zergling x6  
  43  3:21  Queen  
  43  3:22  Queen  
  48  3:27  Zergling x8  
  51  3:40  Drone  
  52  3:43  Drone x4  
  55  3:50  Drone x3  
  55  3:53  Drone x2  
  56  3:57  Drone x2  
  56  4:02  Drone x2  
  58  4:05  Overlord  
  58  4:14  Overlord  
  58  4:22  Drone, Queen x2, Extractor  
  62  4:25  Zergling x2  
  62  4:26  Zergling x6  
  62  4:27  Overlord  
  66  4:34  Drone x4  
  69  4:43  Lair  
  69  4:46  Drone x3  
  69  4:51  Drone x6  
  77  4:53  Baneling Nest  
  77  4:56  Spore Crawler  
  77  4:57  Spore Crawler  
  77  4:58  Spore Crawler, Drone  
  77  4:59  Drone x3  
  76  5:07  Drone  
  76  5:10  Extractor  
  76  5:13  Drone x3  
  76  5:14  Extractor  
  74  5:17  Hatchery  
  72  5:23  Drone x5  
  76  5:31  Spore Crawler  
  76  5:32  Drone x5  
  79  5:38  Evolution Chamber x2  
  79  5:41  Drone x3  
  80  5:44  Centrifugal Hooks  
  80  5:50  Overseer  
  80  5:55  Drone x2  
  80  5:56  Overlord x2  
  81  6:04  Overlord x3  
  81  6:08  Zerg Ground Armor Level 1  
  81  6:09  Zerg Melee Weapons Level 1  
  82  6:18  Zergling x16  
  82  6:24  Overlord  
  89  6:31  Drone x5  
  95  6:32  Zergling x2  
  95  6:33  Zergling x10  
  95  6:36  Zergling x6  
  103  6:40  Zergling x4  
  103  6:41  Baneling x6  
  103  6:45  Drone  
  105  6:51  Drone  
  105  6:52  Drone x2  
  109  6:54  Drone  
  109  7:01  Baneling x14  
  109  7:03  Drone x4  
  113  7:11  Queen  
  113  7:15  Hatchery  
  114  7:17  Zergling x16  
  109  7:30  Zergling x14  
  109  7:34  Zergling x16  
  122  7:37  Zergling x4  
  122  7:38  Hydralisk Den  
  122  7:42  Baneling x6  
  122  7:43  Zergling x2  
  124  7:47  Zergling x4  
  124  7:51  Hatchery  
  125  7:52  Zergling x4  
  124  8:05  Zergling x28  
  121  8:09  Grooved Spines, Zerg Ground Armor Level 2, Zerg Melee Weapons Level 2  
  121  8:11  Drone x2  
  120  8:13  Extractor  
  120  8:14  Extractor  
  120  8:18  Drone x2  
  118  8:20  Drone, Extractor  
  118  8:21  Drone, Extractor  
  118  8:23  Infestation Pit  
  118  8:24  Drone x4  
  121  8:32  Hydralisk x7  
  135  8:37  Baneling x2  
  135  8:42  Drone x3  
  135  8:43  Drone x3  
  135  8:46  Overlord x3  
  132  8:58  Drone x2  
  132  8:59  Drone x2  
  127  9:04  Drone x6  
  127  9:05  Drone x6  
  136  9:13  Overseer  
  136  9:15  Zergling x2  
  136  9:16  Zergling x16  
  139  9:21  Zergling x4  
  138  9:27  Zergling x16  
  146  9:33  Zergling x12  
  146  9:35  Baneling x2  
  152  9:45  Hatchery  
  151  9:52  Hive  
  151  9:55  Drone  
  151  9:59  Zergling x26  
  163  10:03  Queen  
  163  10:06  Baneling x8  
  165  10:09  Baneling x8  
  164  10:14  Pneumatized Carapace  
  164  10:18  Overseer, Spore Crawler, Overlord  
  164  10:19  Overlord  
  161  10:25  Zergling x12  
  161  10:28  Zerg Missile Weapons Level 1  
  163  10:32  Drone  
  163  10:33  Drone x2  
  163  10:34  Overlord x2  
  166  10:39  Drone x2  
  166  10:41  Drone  
  169  10:43  Hydralisk, Lurker Den  
  169  10:44  Hydralisk x4  
  173  10:59  Zergling x34  
  175  11:05  Zergling x4  
  177  11:15  Viper x2  
  177  11:17  Zergling x10  
  177  11:18  Baneling x2  
  178  11:19  Baneling x2  
  178  11:22  Zergling x8  
  181  11:31  Drone x5  
  158  11:44  Zergling x30  
  147  11:50  Zergling x2  
  147  11:51  Zergling x2  
  152  11:58  Zergling x12  
  152  12:00  Zergling x2  
  146  12:06  Zergling x6  
  146  12:07  Lurker x5  
  146  12:08  Lurker x3  
  157  12:11  Zergling x8  
  157  12:13  Overlord  
  157  12:14  Zergling x10  
Show
View Real Time Build Order
Export as new Build Order

ByuN Terran - Winner!

Build Orders: Banshee Rush 

Get SALT Encoding   

  12  0:00  SCV  
  13  0:12  SCV  
  14  0:16  Supply Depot  
  14  0:24  SCV  
  15  0:38  SCV  
  15  0:39  Barracks  
  15  0:42  Refinery  
  16  0:50  SCV  
  17  1:02  SCV  
  18  1:14  SCV  
  19  1:25  Barracks Reactor  
  19  1:26  Orbital Command  
  19  1:38  Command Center  
  19  1:46  Supply Depot  
  19  1:52  SCV  
  20  2:01  Marine x2  
  20  2:04  SCV  
  20  2:07  Factory  
  23  2:16  SCV  
  23  2:19  Marine x2  
  26  2:28  SCV  
  27  2:30  Refinery  
  27  2:37  Marine x2  
  27  2:41  SCV  
  30  2:50  Orbital Command  
  30  2:52  Starport  
  30  2:54  SCV  
  31  3:00  Hellion x2  
  31  3:04  Barracks Tech Lab  
  35  3:06  SCV  
  36  3:18  SCV  
  36  3:19  SCV  
  38  3:22  Hellion x2  
  42  3:27  Supply Depot  
  42  3:30  SCV  
  42  3:31  SCV  
  42  3:33  Supply Depot  
  44  3:40  Cloaking Field  
  44  3:42  Barracks Tech Lab  
  44  3:47  Hellion  
  46  3:48  Banshee  
  46  3:52  SCV x2  
  50  4:04  SCV x2  
  51  4:10  Marine, Stimpack  
  51  4:16  SCV x2  
  54  4:27  Factory Reactor  
  54  4:28  Command Center  
  54  4:30  SCV  
  54  4:31  SCV  
  56  4:36  Banshee  
  59  4:42  Supply Depot  
  59  4:43  SCV x2  
  61  4:54  Barracks  
  61  4:55  SCV  
  61  4:57  Barracks  
  62  5:03  Marine  
  62  5:04  Supply Depot, SCV  
  64  5:07  SCV  
  65  5:16  SCV  
  65  5:18  Refinery  
  65  5:19  SCV, Engineering Bay  
  65  5:21  Factory Reactor, Marine  
  65  5:28  SCV, Engineering Bay  
  67  5:31  SCV  
  68  5:39  Marine  
  68  5:40  SCV  
  70  5:43  SCV, Orbital Command  
  70  5:45  Barracks  
  70  5:46  Barracks  
  70  5:47  Refinery  
  70  5:49  Starport Reactor  
  71  5:52  SCV  
  71  5:54  Terran Infantry Weapons Level 1, Terran Infantry Armor Level 1  
  71  5:55  SCV  
  73  5:59  Marine x3  
  73  6:04  Supply Depot, SCV  
  76  6:08  SCV  
  76  6:10  Marine x2, Siege Tank  
  76  6:11  Medivac x2  
  85  6:12  Orbital Command  
  85  6:16  SCV  
  88  6:20  SCV  
  88  6:22  Supply Depot  
  89  6:25  Supply Depot  
  89  6:28  SCV  
  89  6:29  Marine x4  
  89  6:30  Marine  
  89  6:32  SCV  
  96  6:38  Supply Depot  
  96  6:40  SCV  
  96  6:42  Barracks Reactor x2, Siege Tank  
  96  6:44  SCV  
  96  6:46  SCV  
  102  6:47  Supply Depot x2  
  102  6:53  SCV, Combat Shield  
  103  6:56  SCV  
  103  6:58  SCV  
  105  7:03  Marine x4  
  105  7:04  Marine  
  105  7:05  SCV  
  105  7:06  Medivac x2  
  116  7:08  SCV  
  116  7:10  Factory  
  116  7:11  SCV  
  117  7:17  SCV  
  117  7:20  SCV  
  117  7:21  Marine x6, Siege Tank  
  117  7:22  Marine x2  
  130  7:23  SCV  
  130  7:29  SCV  
  128  7:32  Marine  
  128  7:34  SCV  
  128  7:35  SCV  
  128  7:36  Medivac  
  127  7:38  Supply Depot  
  127  7:39  Marine  
  127  7:40  Refinery  
  127  7:41  Supply Depot, SCV, Armory  
  127  7:43  Marine x3  
  127  7:44  Marine x4  
  136  7:50  Supply Depot  
  136  8:04  Marine x2  
  121  8:08  Factory Tech Lab, Marine  
  121  8:09  Factory Reactor  
  121  8:10  Marine x2, Command Center  
  121  8:11  Marine x4  
  117  8:22  Marine x2  
  117  8:26  Marine  
  120  8:28  Marine x3  
  120  8:29  Drilling Claws, Widow Mine, Marine x3  
  120  8:30  Terran Infantry Armor Level 2, Terran Infantry Weapons Level 2  
  128  8:40  Marine  
  129  8:41  Barracks  
  129  8:43  Barracks  
  129  8:47  Barracks, Marauder  
  131  8:49  SCV  
  131  8:50  SCV  
  125  8:56  Marine, Siege Tank  
  125  8:57  Marine  
  125  8:58  Marine x2  
  132  9:04  Marine x3  
  132  9:05  Marine  
  132  9:08  Marine  
  136  9:10  Medivac  
  136  9:13  SCV x2  
  134  9:18  Widow Mine x2  
  134  9:21  SCV  
  134  9:22  Marine x5  
  141  9:25  SCV  
  141  9:27  Marauder, Medivac  
  141  9:28  Siege Tank  
  146  9:32  SCV  
  147  9:40  Widow Mine x2, Medivac  
  147  9:43  Barracks Tech Lab  
  147  9:44  Barracks Tech Lab x2  
  153  9:48  SCV x3, Marauder  
  158  9:58  Marine x2  
  158  9:59  Marine x4  
  164  10:01  Widow Mine x3  
  164  10:04  Marine x4  
  164  10:06  Marauder  
  176  10:08  Ghost Academy  
  176  10:09  Marauder  
  176  10:11  Planetary Fortress  
  176  10:22  Widow Mine x2  
  176  10:23  Marauder  
  176  10:24  Widow Mine  
  176  10:25  Refinery x2  
  176  10:26  Marine  
  178  10:29  Marauder  
  178  10:34  Supply Depot  
  180  10:35  Supply Depot  
  180  10:36  Marine x5  
  180  10:37  Supply Depot, Marauder  
  187  10:48  Marine  
  188  10:52  Marine  
  188  10:53  Widow Mine x3  
  188  10:56  Marauder x3  
  191  10:57  Marine x2  
  191  10:58  Marauder  
  186  11:14  Widow Mine x3  
  186  11:15  Marine  
  186  11:17  Marauder x3  
  199  11:28  Marine x2  
  199  11:30  Marauder, Command Center  
  188  11:36  Widow Mine x3, Marine  
  188  11:38  Marauder x3  
  178  11:42  Marine  
  178  11:44  Medivac  
  178  11:46  Marine  
  165  11:57  Widow Mine x3, Medivac, Command Center  
  165  12:01  Marine  
  177  12:04  Marine  
  177  12:05  Marine  
  177  12:06  Marine  

Tags
 
Add a new tag
Caveats
  • Supply blocks, unpowered buildings, or Contaminate may cause inaccurate times.
  • Supply counts are checked every 10 seconds.